 Dungeon Crawl Stone Soup version 0.30.0-29-ga12c61a403 (webtiles) character file.

Game seed: 3538289105353607461

140849 Gorgondantess the Thaumaturge (level 16, -3/69 HPs)
             Began as a Spriggan Venom Mage on June 21, 2023.
             Was the Champion of Hepliaklqana.
             Slain by a broodmother (31 damage)
             ... on level 4 of the Spider Nest on June 22, 2023.
             The game lasted 01:46:51 (29497 turns).

Gorgondantess the Thaumaturge (SpVM)               Turns: 29497, Time: 01:46:52

Health: -3/69      AC:  9    Str:  4    XL:     16   Next: 76%
Magic:  35/43      EV: 23    Int: 24    God:    Hepliaklqana [******]
Gold:   878        SH:  0    Dex: 16    Spells: 25/42 levels left

rFire   + . .        U - +3 dagger (elec)
rCold   . . .        Q - crystal ball of Wucad Mu {*channel}
rNeg    . . .        k - +0 troll leather armour
rPois   +            D - +2 hat
rElec   .            b - +2 cloak {rPois}
rCorr   .            (gloves unavailable)
SInv    +            (boots unavailable)
Will    ++...        G - amulet of regeneration
Stlth   +++++        W - ring of magical power
HPRegen 1.91/turn    M - ring of protection from fire
MPRegen 0.28/turn

%: channel magic (40%)
@: radiating poison, very quick
A: reduced essence, very small, no large weapons, unfitting armour, see
invisible, speed 3
a: Renounce Religion, Recall Ancestor, Ancestor Identity, Transference, Idealise


You were on level 4 of the Spider Nest.
You worshipped Hepliaklqana.
Hepliaklqana was exalted by your worship.
You visited 5 branches of the dungeon, and saw 26 of its levels.
You also visited: Ice Cave.

You collected 2150 gold pieces.
You spent 1272 gold pieces at shops.

Inventory:

Hand Weapons
 l - a +0 rapier of holy wrath
 U - a +3 dagger of electrocution (weapon)
Missiles
 P - 2 curare-tipped darts
Armour
 b - a +2 cloak of poison resistance (worn)
 h - a scarf of invisibility
 k - a +0 troll leather armour (worn)
 D - a +2 hat (worn)
 Q - the crystal ball of Wucad Mu (worn) {*channel}
   (You bought it in a shop on level 2 of the Orcish Mines)

   *Channel:  It often returns the magic spent to cast spells, but lowers their
   success rate.
   It always returns the magic spent on miscasts.
 Y - +1 acid dragon scales
Magical Staves
 m - a staff of fire
Jewellery
 i - an amulet of reflection
 y - an amulet of guardian spirit
 G - an amulet of regeneration (around neck)
 M - a ring of protection from fire (right hand)
 W - a ring of magical power (left hand)
 X - a ring of flight
Wands
 B - a wand of mindburst (8)
 C - a wand of roots (23)
 F - a wand of polymorph (5)
 R - a wand of charming (28)
 S - a wand of acid (20)
Scrolls
 d - a scroll of silence
 e - a scroll of poison
 f - 8 scrolls of blinking
 j - 13 scrolls of teleportation
 q - 4 scrolls of fear
 s - 5 scrolls of vulnerability
 u - 6 scrolls of fog
 v - a scroll of butterflies
 J - 4 scrolls of magic mapping
 K - a scroll of amnesia
 N - 2 scrolls of enchant armour
 O - 3 scrolls of immolation
 T - 2 scrolls of enchant weapon
Potions
 c - 5 potions of flight
 g - 5 potions of lignification
 n - 7 potions of haste
 o - 7 potions of might
 p - 3 potions of berserk rage
 r - a potion of mutation
 t - 10 potions of curing
 w - 2 potions of ambrosia
 x - a potion of resistance
 z - 6 potions of heal wounds
 A - 3 potions of cancellation
 E - 4 potions of degeneration {unknown}
 H - 7 potions of magic
Miscellaneous
 a - a phial of floods
 I - a box of beasts
 Z - a lightning rod (4/4)


   Skills:
 + Level 6.1 Fighting
 + Level 9.1 Short Blades
 + Level 2.3 Armour
 + Level 13.0 Dodging
 + Level 13.1 Stealth
 * Level 13.8 Spellcasting
 - Level 4.0 Conjurations
 * Level 8.8 Summonings
 - Level 6.0 Translocations
 - Level 8.0 Transmutations
 - Level 3.0 Fire Magic
 * Level 4.3 Air Magic
 + Level 12.9 Poison Magic
 + Level 11.2 Evocations


You had 25 spell levels left.
You knew the following spells:

 Your Spells              Type           Power      Damage    Failure   Level
a - Sting                 Tmut/Pois      100%       1d8       1%          1
b - Blink                 Tloc           90%        N/A       4%          2
c - Mephitic Cloud        Conj/Pois/Air  50%        N/A       5%          3
d - Olgreb's Toxic Radia  Pois           68%        N/A       2%          4
e - Summon Lightning Spi  Summ/Air       48%        N/A       13%         4
f - Ignite Poison         Fire/Tmut/Pois 53%        N/A       4%          3

Your spell library contained the following spells:

 Spells                   Type           Power      Damage    Failure   Level
 Summon Small Mammal      Summ           100%       N/A       1%          1
 Call Imp                 Summ           100%       N/A       2%          2
 Poisonous Vapours        Pois/Air       100%       N/A       2%          2
 Apportation              Tloc           90%        N/A       3%          1
 Call Canine Familiar     Summ           56%        N/A       3%          3
 Cigotuvi's Dreadful Rot  Necr/Pois/Air  88%        N/A       4%          2
 Lesser Beckoning         Tloc           90%        N/A       4%          2
 Magic Dart               Conj           100%       1d8       5%          1
 Momentum Strike          Conj/Tloc      80%        3d10      6%          2
 Scorch                   Fire           60%        2d7       10%         2
 Summon Guardian Golem    Hex/Summ       37%        N/A       11%         3
 Freeze                   Ice            64%        1d7       17%         1
 Necrotise                Necr           64%        1d7       17%         1
 Blade Hands              Tmut           26%        N/A       17%         5
 Hailstorm                Conj/Ice       26%        3d7       22%         3
 Stone Arrow              Conj/Erth      52%        3d10      22%         3
 Animate Armour           Summ/Erth      74%        N/A       24%         4
 Flame Wave               Conj/Fire      33%        2d10      32%         4
 Frozen Ramparts          Ice            32%        1d5       38%         3
 Summon Cactus Giant      Summ           28%        N/A       47%         6
 Freezing Cloud           Conj/Ice/Air   15%        6-21      69%         5
 Iron Shot                Conj/Erth      13%        9d3       99%         6
 Storm Form               Tmut/Air       23%        N/A       99%         7
 Lehudib's Crystal Spear  Conj/Erth      13%        10d4      100%        8
 Maxwell's Capacitive Co  Air            18%        āˆž       100%        8


Dungeon Overview and Level Annotations

Branches:
Dungeon (14/15)            Temple (1/1) D:6            Lair (5/5) D:9
  Swamp (0/4) Lair:3       Spider (4/4) Lair:3        Slime (0/5) Lair:5
    Orc (2/2) D:11            Elf (0/3) Orc:2         IceCv (visited)
 Vaults: D:13-14

Altars:
Ashenzari
Cheibriados
Dithmenos
Elyvilon
Fedhas
Gozag
Hepliaklqana
Kikubaaqudgha
Makhleb
Nemelex Xobeh
Okawaru
Qazlal
Ru
Sif Muna
Trog
Uskayaw
Vehumet
Wu Jian
Xom
Yredelemnul
Zin
The Shining One
Jiyva

Shops:
D:3 [   D:6 ([=   Orc:2 **[(

Annotations:
D:6 3 runed translucent doors, Drain's ghost, novice OpCj
Lair:5 exclusion: 2 oklob plants
Spider:2 1 runed translucent door, middlethird's ghost, adept VSAE
Orc:2 3 runed translucent doors, suzumiya's ghost, journeyman MiGl


Innate Abilities, Weirdness & Mutations

Your life essence is reduced to manifest your ancestor. (-10% HP)
You are very small and have problems with some larger weapons.
You are too small for most types of armour.
You have supernaturally acute eyesight. (SInv)
You cover ground extremely quickly. (Speed+++)


Message History

The wolf spider's many legs skitter.
You hit the broodmother.
The broodmother is lightly wounded.
The wolf spider is poisoned.
The broodmother looks as sick as possible!
Unknown command.
Casting: Olgreb's Toxic Radiance (dangerous; 2% risk of failure)
Confirm with . or Enter, or press ? or * to list all spells.
You ignite the poison in your surroundings!
The broodmother seems to burn from within!!!
The broodmother is heavily wounded.
The wolf spider seems to burn from within!!
The wolf spider is heavily wounded.
The wolf spider is poisoned.
The broodmother is poisoned.
Your toxic aura wanes.
The broodmother bites you!!
A spider bursts forth from the wound!
The broodmother misses you.
Unknown command.
Unknown command.
Sosibius hits the broodmother with a +0 broad axe of flaming!!
Sosibius burns the broodmother.
Unknown command.
Casting: Ignite Poison (dangerous; 4% risk of failure)
Confirm with . or Enter, or press ? or * to list all spells.
You begin to radiate toxic energy.
The jumping spider is poisoned.
The wolf spider looks even sicker.
Magical energy flows into your mind!
The broodmother looks even sicker.
The jumping spider barely misses you. x2
The jumping spider pounces on you!
You are caught in a web!
The jumping spider bites you.
The broodmother summons spiders!
Unknown command.
Unknown command.
The web tears apart.
The redback is poisoned.
The orb spider is poisoned.
The jumping spider leaps!
Sosibius hits the broodmother with a +0 broad axe of flaming!
Sosibius burns the broodmother.
Sosibius closely misses the orb spider.
Sosibius hits the wolf spider with a +0 broad axe of flaming!
Sosibius burns the wolf spider.
The wolf spider dies!
The broodmother bites you!!
You die...

#^...#..^..........#
#.....#..#^.#....^..
#....^..............
#...#.......##....##
#^..#..#.#.#....###
##......^..^......^#
##.......#..........#
..#...#.#.###...#.#...#
....#ss@#..##......#..##
.......R.ā—‹.####...###..^#
.......##sā€ ..#######.....
...####.......## ##....^.
.. #........###^...### .
#..........^..###
#...##.##...###
#^..######### ##...##


You could see the friendly Sosibius the knight, a broodmother (very poisoned,
ally target), an orb spider (summoned, poisoned) and a redback (summoned,
poisoned).

Vanquished Creatures
  A frost giant (IceCv)
  An emperor scorpion (Spider:3)
  A ghost moth (Spider:1)
  An orc warlord (D:11)
  3 broodmothers (Spider:4)
  A spark wasp (Spider:4)
  An ettin (Orc:2)
  2 entropy weavers (Spider:4)
  A ghost crab (Lair:3)
  3 hydras
  A radroach (Spider:3)
  7 death yaks (IceCv)
  4 two-headed ogres
  A boulder beetle (Spider:1)
  Nergalle (Lair:3)
  A fire crab (Lair:5)
  2 skeletal warriors (D:13)
  A skyshark (Lair:2)
  3 pharaoh ants
  3 orb spiders
  A spectral hydra (Lair:3)
  A slime creature (D:12)
  An orc knight (Orc:2)
  4 steelbarb worms
  10 wolf spiders
  7 ugly things
  2 orc sorcerers (Orc:1)
  Maurice (Orc:2)
  A cyclops (D:8)
  2 black mambas
  4 moths of wrath
  3 elephants (Lair:5)
  An ice statue (IceCv)
  6 torpor snails
  A demonic crawler (Spider:3)
  10 cane toads
  7 rime drakes
  A gargoyle (D:12)
  7 komodo dragons
  An efreet (D:13)
  7 polar bears
  4 meliai
  Prince Ribbit (D:6)
  7 trolls
  13 blink frogs
  4 hornets
  12 tarantellas
  2 dream sheep (Lair:5)
  Sigmund (D:4)
  10 spriggans (Lair:5)
  8 culicivoras
  A shadow (D:12)
  8 jumping spiders
  3 wyverns
  2 wraiths
  6 basilisks
  40 yaks
  21 redbacks
  2 vampire mosquitoes (D:11)
  Eustachio (D:5)
  2 steam dragons (D:8)
  A warg (Orc:2)
  An acid dragon (D:12)
  11 water moccasins
  30 orc warriors
  A sky beast (D:7)
  An ice beast (D:7)
  5 black bears
  4 boggarts (Lair:5)
  7 centaurs
  2 ogres
  31 wolves
  A phantom (D:7)
  A kobold brigand (D:11)
  7 bullfrogs
  A spectral wyvern (Lair:3)
  A scorpion (Lair:2)
  3 gnoll sergeants
  2 two-headed ogre simulacra (D:11)
  7 wights
  A vampire bat (Lair:5)
  A howler monkey (D:9)
  4 electric eels
  Crazy Yiuf (D:5)
  2 gnoll boudas
  3 hounds
  6 orc priests
  3 jellies
  2 sleepcaps
  Terence (D:2)
  Jessica (D:2)
  5 iguanas
  15 orc wizards
  A troll simulacrum (D:11)
  25 gnolls
  6 adders
  A shadow imp (D:6)
  2 white imps
  4 dart slugs
  41 orcs
  6 ball pythons
  8 endoplasms
  4 giant cockroaches
  8 goblins
  3 hobgoblins
  2 jackals (D:1)
  9 quokkas
  15 bats
  5 frilled lizards
  5 kobolds
  4 rats
  3 butterflies (Lair:5)
579 creatures vanquished.

Vanquished Creatures (collateral kills)
  A vault guard (D:13)
  An entropy weaver (Spider:4)
  2 centaur warriors
  Erica (Lair:2)
  A boulder beetle (Spider:2)
  A two-headed ogre (D:11)
  2 death yaks (IceCv)
  2 spriggans (Lair:5)
  2 pharaoh ants
  2 sun moths
  2 steelbarb worms
  3 wolf spiders
  An ugly thing (D:12)
  2 elephants (Lair:5)
  3 black mambas
  2 demonic crawlers (Spider:2)
  A torpor snail (Spider:2)
  A rime drake (IceCv)
  A komodo dragon (Lair:2)
  A hornet (Lair:5)
  3 tarantellas
  A troll (D:10)
  2 polar bears (Lair:5)
  A blink frog (Lair:5)
  A spectral black mamba (Lair:3)
  3 culicivoras (Spider:2)
  9 yaks
  A wraith (D:11)
  A steam dragon (D:9)
  2 redbacks (Spider:1)
  2 vampire mosquitoes (D:11)
  A warg (D:11)
  2 water moccasins
  2 orc warriors
  An ogre (Orc:2)
  A spectral rime drake (Lair:3)
  3 centaurs
  4 wolves
  A bullfrog (Lair:2)
  A wight (D:9)
  A vampire bat (Lair:5)
  An orc priest (D:12)
  4 orc wizards
  2 spriggan simulacra (D:11)
  4 orcs
  A kobold (D:11)
87 creatures vanquished.

Vanquished Creatures (others)
  9 knights
  A gnoll (D:8)
10 creatures vanquished.

Grand Total: 676 creatures vanquished

Notes
Turn   | Place    | Note
-------+----------+-------------------------------------------
     0 | D:1      | Gorgondantess the Spriggan Venom Mage began the quest for
                  | the Orb.
     0 | D:1      | Reached XP level 1. HP: 9/9 MP: 5/5
   332 | D:1      | Reached XP level 2. HP: 13/13 MP: 2/6
  1205 | D:2      | Reached XP level 3. HP: 15/16 MP: 4/8
  1352 | D:2      | Noticed Terence
  1368 | D:2      | Killed Terence
  1443 | D:2      | Noticed Jessica
  1450 | D:2      | Killed Jessica
  1451 | D:2      | Reached XP level 4. HP: 20/21 MP: 4/9
  1493 | D:2      | Found a faded altar of an unknown god.
  1680 | D:2      | Reached skill level 1 in Short Blades
  1713 | D:2      | Learned a level 2 spell: Blink
  1717 | D:2      | Learned a level 3 spell: Mephitic Cloud
  2299 | D:3      | Reached XP level 5. HP: 23/24 MP: 7/11
  2393 | D:3      | Found Joliu's Armour Shoppe.
  2638 | D:3      | Reached skill level 1 in Translocations
  3001 | D:4      | Reached skill level 1 in Air Magic
  3231 | D:4      | Reached XP level 6. HP: 28/28 MP: 8/12
  3684 | D:5      | Entered Level 5 of the Dungeon
  3734 | D:5      | Noticed Sigmund
  4047 | D:5      | Noticed a yak
  4066 | D:4      | Killed Sigmund
  4067 | D:4      | Reached skill level 5 in Stealth
  4067 | D:4      | Reached skill level 1 in Conjurations
  4067 | D:4      | Reached XP level 7. HP: 30/32 MP: 7/14
  4082 | D:5      | Noticed a yak
  4105 | D:4      | Killed a yak
  4106 | D:4      | Reached skill level 5 in Poison Magic
  4134 | D:5      | Noticed Eustachio
  4288 | D:4      | Killed a yak
  4401 | D:5      | Killed Eustachio
  4402 | D:5      | Reached skill level 5 in Dodging
  4539 | D:5      | Noticed a yak
  4555 | D:5      | Killed a yak
  4556 | D:5      | Reached XP level 8. HP: 36/36 MP: 8/16
  4561 | D:5      | Learned a level 4 spell: Olgreb's Toxic Radiance
  4912 | D:5      | Reached skill level 5 in Spellcasting
  5287 | D:5      | Found a runed translucent door.
  5288 | D:5      | Noticed Crazy Yiuf
  5298 | D:5      | Killed Crazy Yiuf
  5454 | D:6      | Found an ornate altar of the Wu Jian Council.
  5476 | D:6      | Found a runed translucent gate.
  5476 | D:6      | Found a runed translucent gate.
  5476 | D:6      | Found a runed translucent gate.
  5605 | D:6      | Noticed Prince Ribbit
  5615 | D:6      | Noticed Drain's ghost (novice OpCj)
  5623 | D:6      | Killed Prince Ribbit
  5624 | D:6      | Reached skill level 1 in Fighting
  5953 | D:6      | Found Ivvereil's Antique Armour Shop.
  5961 | D:6      | Bought an embroidered hat for 182 gold pieces
  6092 | D:6      | Found Dintor's Antique Weapon Shop.
  6273 | D:6      | Found Woenay's Jewellery Boutique.
  6294 | D:6      | Found a staircase to the Ecumenical Temple.
  6592 | Temple   | Entered the Ecumenical Temple
  6686 | Temple   | Became a worshipper of Hepliaklqana the Forgotten
  6898 | D:7      | Reached XP level 9. HP: 34/42 MP: 13/18
  7608 | D:7      | Found an iron altar of Okawaru.
  7613 | D:7      | Found a blossoming altar of Fedhas.
  7613 | D:7      | Found an opulent altar of Gozag.
  7615 | D:7      | Found a shadowy altar of Dithmenos.
  7617 | D:7      | Found a glowing golden altar of the Shining One.
  7820 | D:7      | Learned a level 2 spell: Call Imp
  8055 | D:8      | Reached skill level 1 in Evocations
  8178 | D:8      | Reached skill level 1 in Summonings
  8266 | D:8      | Noticed a cyclops
  8397 | D:8      | Killed a cyclops
  8604 | D:8      | Reached * piety under Hepliaklqana
  8734 | D:8      | Reached XP level 10. HP: 40/44 MP: 16/21
  9297 | D:9      | Found a staircase to the Lair.
  9579 | D:9      | Learned a level 3 spell: Ignite Poison
  9590 | D:9      | Reached ** piety under Hepliaklqana
  9591 | D:9      | Remembered your ancestor Sosibius as a knight
  9827 | D:9      | Reached skill level 5 in Transmutations
 10230 | D:10     | Entered Level 10 of the Dungeon
 10551 | D:10     | Reached *** piety under Hepliaklqana
 10747 | D:10     | Found the +8 orange crystal plate armour {Archmagi, Int+3
                  | Clar}
 11327 | D:11     | Found a frozen archway.
 11357 | IceCv    | Entered an ice cave
 11385 | IceCv    | Noticed a death yak
 11388 | IceCv    | Reached XP level 11. HP: 47/47 MP: 10/23
 11388 | IceCv    | Noticed a death yak
 11394 | IceCv    | Killed a death yak
 11395 | IceCv    | Reached skill level 10 in Stealth
 11408 | IceCv    | Killed a death yak
 11568 | IceCv    | Noticed a white ugly thing
 11569 | IceCv    | Noticed a death yak
 11570 | IceCv    | Noticed a death yak
 11576 | IceCv    | Killed a white ugly thing
 11629 | IceCv    | Killed a death yak
 11641 | IceCv    | Killed a death yak
 11642 | IceCv    | Reached skill level 5 in Short Blades
 11642 | IceCv    | Reached skill level 5 in Evocations
 11955 | IceCv    | Noticed a frost giant
 11955 | IceCv    | Noticed a death yak
 11966 | IceCv    | Killed a frost giant
 11967 | IceCv    | Reached skill level 10 in Poison Magic
 12100 | IceCv    | Killed a death yak
 12201 | IceCv    | Noticed a death yak
 12202 | IceCv    | Noticed a death yak
 12202 | IceCv    | Noticed a death yak
 12202 | IceCv    | Noticed a death yak
 12212 | IceCv    | Killed a death yak
 12216 | IceCv    | Killed a death yak
 12217 | IceCv    | Reached XP level 12. HP: 52/52 MP: 15/25
 12217 | IceCv    | Killed a death yak
 12217 | IceCv    | Killed a death yak
 12633 | D:11     | You are sucked into a shaft and drop 3 floors!
 12738 | D:14     | Noticed a centaur warrior
 12744 | D:14     | Reached **** piety under Hepliaklqana
 12752 | D:14     | Killed a centaur warrior
 12812 | D:14     | Reached skill level 10 in Dodging
 12884 | D:13     | Noticed an eight-headed hydra
 12913 | D:13     | Noticed a centaur warrior
 12923 | D:13     | Killed a centaur warrior
 12934 | D:13     | Noticed a two-headed ogre
 12953 | D:13     | Killed a two-headed ogre
 13126 | D:13     | Reached skill level 5 in Summonings
 13247 | D:12     | Noticed a two-headed ogre
 13252 | D:12     | Killed a two-headed ogre
 13587 | D:11     | Found a staircase to the Orcish Mines.
 14146 | D:11     | Noticed a two-headed ogre
 14160 | D:11     | Killed a two-headed ogre
 14446 | Lair:1   | Entered Level 1 of the Lair of Beasts
 14555 | Lair:1   | Reached skill level 10 in Spellcasting
 15041 | Lair:1   | Reached XP level 13. HP: 54/54 MP: 28/28
 15720 | Lair:2   | Noticed Erica
 15728 | Lair:2   | Killed Erica
 16323 | Lair:2   | You fall into a shaft and drop 2 floors!
 16354 | Lair:3   | Noticed Nergalle
 16358 | Lair:3   | Killed Nergalle
 16439 | Lair:3   | Reached ***** piety under Hepliaklqana
 16877 | Lair:3   | Reached skill level 1 in Fire Magic
 17085 | Lair:3   | Found a snail-covered altar of Cheibriados.
 17166 | Lair:3   | Found a hole to the Spider Nest.
 17746 | Orc:1    | Entered Level 1 of the Orcish Mines
 17754 | Orc:1    | Noticed an orc warlord
 17760 | Orc:1    | Reached skill level 5 in Translocations
 17882 | D:11     | Killed an orc warlord
 18103 | Orc:2    | Entered Level 2 of the Orcish Mines
 18103 | Orc:2    | Found a staircase to the Elven Halls.
 18108 | Orc:2    | Noticed an ettin
 18116 | Orc:2    | Killed an ettin
 18235 | Orc:2    | Found a runed translucent gate.
 18235 | Orc:2    | Found a runed translucent gate.
 18235 | Orc:2    | Found a runed translucent gate.
 18235 | Orc:2    | Noticed suzumiya's ghost (journeyman MiGl)
 18795 | Orc:2    | Noticed Maurice
 18804 | Orc:2    | Killed Maurice
 18830 | Orc:2    | Reached XP level 14. HP: 60/60 MP: 21/30
 19282 | Orc:2    | Found Kairuq's General Store.
 19282 | Orc:2    | Found Vammanux's Armour Boutique.
 19284 | Orc:2    | Found Ruvimp's Weapon Shop.
 19286 | Orc:2    | Found Vuisoxapp's General Store.
 19298 | Orc:2    | Bought a scroll of identify for 30 gold pieces
 19298 | Orc:2    | Bought a scroll of fear for 60 gold pieces
 19301 | Orc:2    | Bought the crystal ball of Wucad Mu {*channel} for 1000
                  | gold pieces
 19301 | Orc:2    | Found the crystal ball of Wucad Mu {*channel}
 19993 | Lair:3   | Found a staircase to the Swamp.
 21119 | Lair:5   | Entered Level 5 of the Lair of Beasts
 21453 | Lair:5   | Reached skill level 10 in Evocations
 21635 | Lair:5   | Reached skill level 5 in Fighting
 22753 | Lair:5   | Found a staircase to the Slime Pits.
 22856 | Lair:5   | Found a viscous altar of Jiyva.
 24263 | Spider:1 | Entered Level 1 of the Spider Nest
 24433 | Spider:1 | Reached ****** piety under Hepliaklqana
 24458 | Spider:1 | Reached XP level 15. HP: 64/64 MP: 32/32
 24559 | Spider:1 | Reached skill level 1 in Armour
 26898 | Spider:2 | Found a runed translucent door.
 26900 | Spider:2 | Noticed middlethird's ghost (adept VSAE)
 26954 | Spider:2 | Reached XP level 16. HP: 69/69 MP: 34/34
 28695 | Spider:4 | Entered Level 4 of the Spider Nest
 29072 | Spider:4 | Learned a level 4 spell: Summon Lightning Spire
 29497 | Spider:4 | Slain by a broodmother

Illustrated notes

Levels and vault maps discovered:
D:1:      psy_arrival_basics, layout_basic, minmay_box_of_dots
D:2:      layout_loops_ring, shapermc_ecumenical_altar_venn, st_stairs_14,
          minmay_pentomino_p4, uniq_terence, uniq_jessica
D:3:      layout_basic, serial_shops, nicolae_diamond_shop, chequers_garden
D:4:      layout_gridville
D:5:      layout_loops_ring, uniq_sigmund, uniq_eustachio,
          uniq_crazy_yiuf_cottage
D:6:      layout_rooms, mainiacjoe_overflow_boulevard,
          minmay_temple_entry_nine_rooms, serial_shops, shop,
          nicolae_shop_tiny_statue_garden, shop, gammafunk_ghost_icy,
          uniq_prince_ribbit1
D:7:      layout_loops_ring, minitemple
D:8:      layout_basic
D:9:      layout_stronghold, david_lair_generic,
          nicolae_concentric_dashed_squares_wild
D:10:     layout_layer_cave
D:11:     layout_long_grid, orc_0_dummy, portal_ice_cave_entry_ice_simulacra
D:12:     layout_loops_ring, chequers_serial_rivers_small_3
D:13:     layout_roguey, david_vaults_5
D:14:     layout_gridville, chequers_jeans, uniq_josephine, uniq_rupert
Temple:   regret_index_temple_sphere_string
Lair:1:   layout_gridlike, infiniplex_staircase_pool_2
Lair:2:   layout_roguey, uniq_erica
Lair:3:   layout_regular_city, nicolae_swamp_entry_spooky,
          spider_nest_entry_funnel_web, kennysheep_snail_temple, uniq_nergalle
Lair:4:   layout_roguey, grunt_megastairs_2
Lair:5:   minmay_lair_end_enchanted_forest, layout_cave_pods,
          minmay_slime_entry_oklob_enclosed, roderic_batcave, minivault_25,
          lemuel_fruit_fields, serial_bayou_shore_a
Spider:1: layout_chambers
Spider:2: layout_cave_pods, ebering_ghost_reflecting_pool,
          nicolae_spider_cling_halls
Spider:3: layout_spider_delve
Spider:4: hellmonk_spider_rune_endless_swarm
Orc:1:    layout_caves, basic_altar
Orc:2:    st_orc_rangers, layout_caves, ebering_ghost_rock_garden, uniq_maurice

Skill      XL: |  1  2  3  4  5  6  7  8  9 10 11 12 13 14 15 16 |
---------------+-------------------------------------------------+-----
Dodging        | 3 4 5 6 7 8 9 10 11 12 13 | 13.0
Spellcasting   | 3 4 5 7 8 10 11 12 13 | 13.8
Transmutations | 2 3 4 5 6 7 8 |  8.0
Stealth        | 4 5 6 7 9 11 12 13 | 13.1
Short Blades   | 1 2 3 4 5 6 7 8 9 |  9.1
Translocations | 1 2 4 5 6 |  6.0
Poison Magic   | 4 5 6 8 9 10 11 12 | 12.9
Air Magic      | 1 2 3 4 |  4.3
Conjurations   | 1 2 3 4 |  4.0
Fighting       | 1 3 4 5 6 |  6.1
Evocations     | 2 4 6 8 9 10 11 | 11.2
Summonings     | 2 3 4 5 6 7 8 |  8.8
Fire Magic     | 1 2 3 |  3.0
Armour         | 2 |  2.3

Action                     |  1- 3 |  4- 6 |  7- 9 | 10-12 | 13-15 | 16-18 || total
---------------------------+-------+-------+-------+-------+-------+-------++-------
  Melee: Unarmed           |     6 |       |       |       |       |       ||     6
         Short sword       |     1 |    38 |       |       |       |       ||    39
         Dagger            |       |    45 |    57 |       |   314 |    29 ||   445
         Quarterstaff      |       |       |   113 |   114 |    25 |       ||   252
         Punch             |       |       |     1 |       |     2 |       ||     3
         Staff             |       |       |       |    12 |       |       ||    12
   Cast: Sting             |    49 |    95 |   112 |    60 |    71 |     9 ||   396
         Mephitic Cloud    |       |     5 |    20 |    31 |    31 |    10 ||    97
         Olgreb's Toxic Ra |       |       |    11 |    31 |   115 |    41 ||   198
         Ignite Poison     |       |       |       |    49 |   132 |    41 ||   222
 Invoke: Recall Ancestor   |       |       |       |    15 |    24 |     8 ||    47
         Ancestor Life: Kn |       |       |       |     1 |       |       ||     1
  Evoke: Wand              |       |       |       |     2 |     4 |       ||     6
    Use: Scroll            |       |     3 |     4 |     8 |    10 |     4 ||    29
         Potion            |       |       |       |       |     1 |       ||     1
   Stab: Sleeping          |       |     5 |     3 |     3 |     7 |     3 ||    21
         Confused          |       |     5 |    14 |     1 |     1 |       ||    21
         Distracted        |       |     1 |       |     3 |     5 |       ||     9
 Armour: Robe              |     1 |     9 |    13 |       |       |       ||    23
         Steam dragon scal |       |       |     5 |     9 |       |       ||    14
         Troll leather arm |       |       |       |    24 |    55 |     4 ||    83
  Dodge: Dodged            |    13 |    72 |   167 |   215 |   405 |    69 ||   941
